 Dungeon Crawl Stone Soup version 0.23.1-37-gaa34b87b72 (webtiles) character file.

Game seed: 11687914186757110283

99 GGGomer the Covered (level 4, -4/40 HPs)
             Began as a Minotaur Fighter on Mar 24, 2019.
             Slain by a gnoll
             ... wielding a +0 spear
              (6 damage)
             ... on level 3 of the Dungeon.
             The game lasted 00:03:13 (1545 turns).

GGGomer the Covered (Minotaur Fighter)              Turns: 1545, Time: 00:03:14

Health: -4/40      AC:  8    Str: 21    XL:     4   Next: 45%
Magic:  3/3        EV:  7    Int:  5    God:
Gold:   100        SH:  9    Dex: 10    Spells: 3/3 levels left

rFire    . . .     SeeInvis .   a - +0 war axe
rCold    . . .     Gourm    .   c - +0 shield
rNeg     . . .     Faith    .   b - +0 scale mail
rPois    .         Spirit   .   (helmet restricted)
rElec    .         Reflect  .   (no cloak)
rCorr    .         Harm     .   j - +0 pair of gloves
MR       .....                  (no boots)
Stlth    ..........             (no amulet)
HPRegen  0.13/turn              (no ring)
MPRegen  0.08/turn              (no ring)

@: no status effects
A: retaliatory headbutt, horns 2
a: no special abilities


You were on level 3 of the Dungeon.
You were completely stuffed.

You visited 1 branch of the dungeon, and saw 3 of its levels.

You collected 100 gold pieces.

Inventory:

Hand Weapons
 a - a +0 war axe (weapon)
Missiles
 i - 42 sling bullets
 k - 63 stones (quivered)
Armour
 b - a +0 scale mail (worn)
 c - a +0 shield (worn)
 j - a +0 pair of gloves (worn)
Scrolls
 e - 2 scrolls of identify
Potions
 d - a potion of might
 g - 2 potions of haste
 h - a potion of cancellation {unknown}
Comestibles
 f - 2 rations


   Skills:
 + Level 4.2 Fighting
 + Level 4.2 Axes
 + Level 4.3 Armour
 + Level 0.3 Dodging
 + Level 4.2 Shields


You had 3 spell levels left.
You didn't know any spells.
Your spell library was empty.

Dungeon Overview and Level Annotations

Branches:
Dungeon (3/15)

Altars:
Fedhas
Trog


Innate Abilities, Weirdness & Mutations

You reflexively headbutt those who attack you in melee.
You have a pair of horns on your head.


Message History

The worm barely misses you.
You slash the worm!
You kill the worm!
You block the gnoll's attack. x2
You hit the hobgoblin. You headbutt the hobgoblin.
You kill the hobgoblin!
The gnoll hits you but does no damage. The gnoll hits you with a +0 spear.
* * * LOW HITPOINT WARNING * * *
Items here: )) †††† You hit the gnoll but do no damage.
You block the gnoll's attack.
A rat comes into view.
You barely miss the gnoll.
The gnoll hits you but does no damage. x2
You closely miss the gnoll. Your headbutt misses the gnoll.
The gnoll hits you with a +0 spear.
* * * LOW HITPOINT WARNING * * *
You hit the gnoll. Your headbutt misses the gnoll.
The gnoll is heavily wounded.
The gnoll hits you with a +0 spear.
You die...

...? ..#.# .
.....######## ..
#....?..... ._ #
#.#......## .. _ #..
#.r## #<.# ?#...
#..####g.#####.##......
#.....@........<..(.#
#.....####..######..###
#.### ##.# #.... #.#
.###.# #.. # .... #..##
..##


You could see a gnoll and a rat.

Vanquished Creatures
  3 gnolls (D:3)
  An adder (D:3)
  4 worms
  A dart slug (D:2)
  2 leopard geckos (D:1)
  7 bats
  4 giant cockroaches
  6 goblins
  6 hobgoblins
  A ball python (D:2)
  2 frilled lizards (D:2)
  5 kobolds
  A quokka skeleton (D:2)
  3 rats
46 creatures vanquished.

Notes
Turn   | Place    | Note
-------+----------+-------------------------------------------
     0 | D:1      | GGGomer the Minotaur Fighter began the quest for the Orb.
     0 | D:1      | Reached XP level 1. HP: 19/19 MP: 0/0
   102 | D:1      | Reached XP level 2. HP: 27/27 MP: 1/1
   974 | D:2      | Reached XP level 3. HP: 33/33 MP: 2/2
  1504 | D:3      | Found a bloodstained altar of Trog.
  1504 | D:3      | Found a blossoming altar of Fedhas.
  1517 | D:3      | Reached XP level 4. HP: 21/40 MP: 3/3
  1544 | D:3      | HP: 2/40 [gnoll/+0 spear (4)]
  1545 | D:3      | Slain by a gnoll

Skill      XL: |  1  2  3  4 |
---------------+-------------+-----
Fighting       | 4 |  4.2
Armour         | 4 |  4.3
Shields        | 4 |  4.2
Axes           | 3 4 |  4.2
Dodging        | |  0.3

Action                   |  1- 3 |  4- 6 || total
-------------------------+-------+-------++-------
Melee: War axe           |   104 |    20 ||   124
       Headbutt          |    13 |     3 ||    16
  Use: Scroll            |     2 |       ||     2
  Eat: Ration            |     3 |       ||     3
       Chunk             |     1 |       ||     1
Armor: Scale mail        |    56 |    17 ||    73
Dodge: Dodged            |    24 |     9 ||    33
Block: Shield            |    51 |    17 ||    68
